 Dungeon Crawl Stone Soup version 0.28.0 (webtiles) character file.

Game seed: 2762073721915762213

1 BorgnjorsVileCrotch the Skirmisher (level 1, 0/11 HPs)
             Began as a Vine Stalker Fighter on Feb 12, 2022.
             Slain by an iguana (4 damage)
             ... on level 3 of the Dungeon.
             The game lasted 00:00:16 (45 turns).

BorgnjorsVileCrotch the Skirmisher (VSFi)             Turns: 45, Time: 00:00:16

Health: 0/11       AC:  6    Str: 18    XL:     1   Next: 20%
Magic:  0/2        EV:  9    Int:  8    God:
Gold:   0          SH:  4    Dex: 13    Spells: 0/0 levels left

rFire   . . .      SeeInvis .   a - +0 war axe
rCold   . . .      Faith    .   c - +0 buckler
rNeg    . . .      Spirit   +   b - +0 scale mail
rPois   .          Reflect  .   (no helmet)
rElec   .          Harm     .   (no cloak)
rCorr   .          Rampage  .   (no gloves)
Will    .....                   (no boots)
Stlth   ..........              (no amulet)
HPRegen 0.03/turn               (no ring)
MPRegen 0.08/turn               (no ring)

@: no status effects
A: fangs 2, magic shield, antimagic bite, no potion heal 2
a: no special abilities


You were on level 3 of the Dungeon.
You visited 1 branch of the dungeon, and saw 3 of its levels.

Inventory:

Hand Weapons
 a - a +0 war axe (weapon)
Armour
 b - a +0 scale mail (worn)
 c - a +0 buckler (worn)
Scrolls
 e - a scroll of enchant armour {unknown}
 f - a scroll of noise {unknown}
Potions
 d - a potion of might {@q3 !q}


   Skills:
 - Level 2.7 Fighting
 + Level 1.8 Axes
 - Level 2.4 Armour
 - Level 2.7 Shields


You couldn't memorise any spells.
You didn't know any spells.
Your spell library was empty.

Dungeon Overview and Level Annotations

Branches:
Dungeon (3/15)

Altars:


Innate Abilities, Weirdness & Mutations

You have extremely sharp teeth.
When hurt, damage is shared between your health and your magic reserves.
Your bite disrupts and absorbs the magic of your enemies.
Potions cannot restore your health.


Message History

Welcome, BorgnjorsVileCrotch the Vine Stalker Fighter.
Are you destined to find the fabulous Orb of Zot, or to die trying?
Press ? for a list of commands and other information.
Found a scroll labelled BIUHER DIPU.
Found a staircase leading out of the dungeon.
Found an escape hatch in the floor.
e - a scroll labelled BIUHER DIPU
There is an escape hatch in the floor here.
Really go through this one-way escape hatch?
You slide downwards.
The hatch slams shut behind you.
You open the door.
Found a stone staircase leading down.
There is an open door here.
A goblin comes into view. It is wielding a +0 club.
The goblin shouts!
The goblin moves out of view.
You slash the goblin!
You kill the goblin!
Found a scale mail.
You see here a +0 club.
There's nothing to close nearby.
There is a stone staircase leading down here.
You climb downwards.
Found a scroll labelled PYWIECKUSS.
There is a stone staircase leading up here.
You climb upwards.
There is a stone staircase leading down here.
Unknown command.
You climb downwards.
There is a stone staircase leading up here.
f - a scroll labelled PYWIECKUSS
There is a stone staircase leading up here.
An iguana comes into view.
The iguana hisses angrily.
You slash the iguana!
The iguana is heavily wounded.
The iguana bites you but does no damage.
The iguana barely misses you.
You hit the iguana.
The iguana is heavily wounded.
The iguana barely misses you.
You closely miss the iguana.
The iguana is heavily wounded.
The iguana bites you but does no damage.
The iguana misses you.
You hit the iguana but do no damage. You bite the iguana. You drain its power.
The iguana is severely wounded.
The iguana bites you but does no damage.
You hit the iguana. Your bite misses the iguana.
The iguana is severely wounded.
The iguana closely misses you.
You closely miss the iguana. You bite the iguana, but do no damage.
The iguana is severely wounded.
The iguana barely misses you. The iguana bites you!
Ouch! That really hurt!
You closely miss the iguana.
The iguana is severely wounded.
The iguana bites you.
You die...

.. .. .. .#
.# .# #
##.#.####
###@.......
#..l...####
#<#.#.....#
#.#...###.#
#.#.### #
..#.#
####.# #.#
##


You could see an iguana.

Vanquished Creatures
  A goblin (D:2)
1 creature vanquished.

Notes
Turn   | Place    | Note
-------+----------+-------------------------------------------
     0 | D:1      | BorgnjorsVileCrotch the Vine Stalker Fighter began the
                  | quest for the Orb.
     0 | D:1      | Reached XP level 1. HP: 11/11 MP: 2/2
    37 | D:3      | Noticed an iguana
    45 | D:3      | Slain by an iguana

Illustrated notes

Levels and vault maps discovered:
D:1:      lemuel_arrival_hallway, layout_rooms,
          hellmonk_ecumenical_altar_the_god_not_taken
D:2:      layout_loops_corners
D:3:      minmay_chambers_of_twos, layout_loops_ring, minmay_misc_feat_tower,
          uniq_terence

Action                   || total
-------------------------++-------
Melee: War axe           ||     8
       Bite              ||     2
Armor: Scale mail        ||     3
Dodge: Dodged            ||     5
